 Dungeon Crawl Stone Soup version 0.24-a0-368-g0e0cebd0f3 (webtiles) character file.

Game seed: 5824741598733235864

5851 nikopol the Thaumaturge (level 10, -1/51 HPs)
             Began as a Deep Elf Fire Elementalist on May 28, 2019.
             Was an Initiate of Vehumet.
             Slain by a seven-headed hydra (12 damage)
             ... on level 8 of the Dungeon on May 29, 2019.
             The game lasted 00:31:21 (10113 turns).

nikopol the Thaumaturge (DEFE)                     Turns: 10113, Time: 00:31:22

Health: -1/51      AC: 12    Str:  5    XL:     10   Next: 52%
Magic:  24/27      EV: 13    Int: 26    God:    Vehumet [......]
Gold:   357        SH:  4    Dex: 15    Spells: 16/31 levels left

rFire    + . .     SeeInvis .   y - +3 falchion "Ozetoil" {drain, rElec rN+ Int+2} (curse)
rCold    . . .     Gourm    .   J - +0 buckler
rNeg     + + .     Faith    .   I - +3 leather armour {rF+}
rPois    +         Spirit   .   C - +0 helmet
rElec    +         Reflect  .   B - +0 cloak
rCorr    .         Harm     .   E - +0 pair of gloves
MR       +....                  t - +1 pair of boots
Stlth    +++.......             M - amulet of regeneration
HPRegen  0.57/turn              F - ring of poison resistance
MPRegen  0.20/turn              u - ring of positive energy

@: about to teleport
A: no striking features
a: Renounce Religion


You were on level 8 of the Dungeon.
You worshipped Vehumet.
Vehumet was noncommittal.
You were not hungry.

You visited 3 branches of the dungeon, and saw 10 of its levels.

You collected 357 gold pieces.

Inventory:

Hand Weapons
 y - the cursed +3 falchion "Ozetoil" (weapon) {drain, rElec rN+ Int+2}
   (You found it on level 6 of the Dungeon)

   A truly terrible weapon, it drains the life of those it strikes.
   It affects your intelligence (+2).
   It insulates you from electricity.
   It protects you from negative energy.
   It has a curse placed upon it.
Armour
 a - a +0 robe
 f - a scarf of resistance
 t - a +1 pair of boots (worn)
 B - a +0 cloak (worn)
 C - a +0 helmet (worn)
 E - a +0 pair of gloves (worn)
 I - a +3 leather armour of fire resistance (worn)
 J - a +0 buckler (worn)
Jewellery
 b - a +5 ring of dexterity
 q - an uncursed ring of flight
 u - a ring of positive energy (right hand)
 F - a ring of poison resistance (left hand)
 M - an amulet of regeneration (around neck)
Wands
 l - a wand of paralysis (31)
 p - a wand of scattershot (7)
 z - a wand of digging (5)
 N - a wand of acid (9)
 P - a wand of polymorph (2)
 Q - a wand of flame (12)
Scrolls
 d - a scroll of immolation {unknown}
 h - 7 scrolls of identify
 i - 2 scrolls of fear {unknown}
 j - 2 scrolls of amnesia {unknown}
 o - 2 scrolls of enchant weapon {unknown}
 w - 2 scrolls of blinking {unknown}
 x - a scroll of fog {unknown}
 D - 2 scrolls of magic mapping {unknown}
 K - a scroll of remove curse {unknown}
Potions
 g - 2 potions of magic
 k - a potion of invisibility {unknown}
 m - a potion of agility
 n - 4 potions of heal wounds
 r - 4 potions of flight
 s - 8 potions of curing
 v - a potion of might {unknown}
 A - a potion of haste {unknown}
 G - a potion of mutation {unknown}
 H - a potion of brilliance {unknown}
 L - a potion of lignification {unknown}
Comestibles
 c - 7 rations
 O - 2 chunks of flesh


   Skills:
 + Level 0.5 Fighting
 * Level 3.3 Armour
 + Level 4.8 Dodging
 + Level 5.0 Stealth
 * Level 2.0 Shields
 + Level 11.0 Spellcasting
 + Level 8.7 Conjurations
 + Level 9.8 Fire Magic


You had 16 spell levels left.
You knew the following spells:

 Your Spells              Type           Power        Failure   Level  Hunger
a - Flame Tongue          Conj/Fire      #####        1%          1    None
b - Throw Flame           Conj/Fire      ######       1%          2    None
c - Conjure Flame         Conj/Fire      ######..     1%          3    None
d - Sticky Flame          Conj/Fire      ######..     1%          4    None
e - Fireball              Conj/Fire      ######....   5%          5    ###....

Your spell library contained the following spells:

 Spells                   Type           Power        Failure   Level  Hunger
 Inner Flame              Hex/Fire       #####...     3%          3    None
 Infusion                 Chrm           ##..         9%          1    None
 Shroud of Golubria       Chrm/Tloc      ##........   13%         2    None
 Song of Slaying          Chrm           ##......     13%         2    None
 Regeneration             Chrm/Necr      ##........   26%         3    None
 Spectral Weapon          Hex/Chrm       ##......     26%         3    None


Dungeon Overview and Level Annotations

Branches:
Dungeon (8/15)             Temple (1/1) D:6            Lair (1/6) D:8

Altars:
Cheibriados
Dithmenos
Elyvilon
Fedhas
Gozag
Hepliaklqana
Kikubaaqudgha
Makhleb
Nemelex Xobeh
Okawaru
Qazlal
Ru
Sif Muna
Trog
Uskayaw
Vehumet
Wu Jian
Xom
Yredelemnul
Zin
The Shining One

Shops:
D:4 :   D:8 (


Message History

* * * LOW HITPOINT WARNING * * *
The seven-headed hydra misses you.
The seven-headed hydra closely misses you.
You block the seven-headed hydra's attack.
The seven-headed hydra burns!
The seven-headed hydra burns!
The seven-headed hydra burns!
The seven-headed hydra burns!
You see here a komodo dragon skeleton.
The seven-headed hydra burns!
As you read the scroll of teleportation, it crumbles to dust.
You feel strangely unstable.
The seven-headed hydra burns!
The seven-headed hydra closely misses you. x2
You block the seven-headed hydra's attack.
The seven-headed hydra completely misses you.
The seven-headed hydra bites you.
* * * LOW HITPOINT WARNING * * *
The seven-headed hydra barely misses you.
The seven-headed hydra bites you!
You die... ########### ##PPPPPPPPP## ##PPPPPP...PP#

##.PPPPP^.>.PP#
#########.....PPP...PP#
..............P.P.PPPP#
###########.[....PP..P#
# ##...PD..P.## #
###..@..### # ###.### #
#.# # #.# # #.# # #.# #
#)# # ####### #.# #
#.....#### #.#######


You could see a seven-headed hydra (burning).

Vanquished Creatures
  Erica (D:8)
  An oklob plant (D:7)
  A manticore (D:6)
  Joseph (D:7)
  Psyche (D:8)
  2 komodo dragons (D:8)
  A hornet (D:8)
  A hippogriff (D:7)
  Menkaure (D:4)
  Edmund (D:4)
  Duvessa (D:7)
  A sky beast (D:8)
  An orc warrior (D:7)
  An ice beast (D:8)
  A necrophage (D:6)
  2 ogres
  3 centaurs
  2 bullfrogs
  Dowan (D:6)
  8 killer bees
  A howler monkey (D:4)
  2 crimson imps (D:8)
  2 hounds (D:6)
  9 orc wizards
  Crazy Yiuf (D:4)
  A bullfrog skeleton (D:2)
  3 orc priests
  2 centaur skeletons
  Jessica (D:2)
  7 worker ants
  Robin (D:2)
  3 gnolls (D:5)
  10 adders
  3 shadow imps
  An adder zombie (D:8)
  2 adder skeletons
  2 worms
  5 leopard geckos
  25 orcs
  2 giant cockroaches
  15 goblins
  12 hobgoblins
  4 jackals
  4 quokkas
  A ball python (D:3)
  A ball python skeleton (D:4)
  5 bats
  4 frilled lizards
  A giant cockroach zombie (D:5)
  2 kobolds (D:3)
  A leopard gecko skeleton (D:7)
  A leopard gecko zombie (D:5)
  7 rats
  2 bushes (D:7)
  8 plants
183 creatures vanquished.

Vanquished Creatures (others)
  A quokka (D:4)
  2 plants (D:2)
  16 toadstools (D:7)
19 creatures vanquished.

Grand Total: 202 creatures vanquished

Notes
Turn   | Place    | Note
-------+----------+-------------------------------------------
     0 | D:1      | nikopol the Deep Elf Fire Elementalist began the quest for
                  | the Orb.
     0 | D:1      | Reached XP level 1. HP: 10/10 MP: 6/6
   385 | D:1      | Reached XP level 2. HP: 15/15 MP: 6/8
   444 | D:1      | You fall into a shaft and drop 1 floor!
   445 | D:2      | Noticed Jessica
   452 | D:2      | Killed Jessica
   452 | D:2      | Reached XP level 3. HP: 3/19 MP: 2/10
   517 | D:2      | Learned a level 2 spell: Throw Flame
   521 | D:2      | Learned a level 3 spell: Conjure Flame
   765 | D:2      | Noticed Robin
   926 | D:2      | Reached skill level 4 in Spellcasting
   926 | D:2      | Reached XP level 4. HP: 23/24 MP: 4/12
   950 | D:2      | Learned a level 4 spell: Sticky Flame
  1093 | D:2      | Killed Robin
  1795 | D:3      | Noticed an ogre
  1802 | D:3      | Killed an ogre
  1802 | D:3      | Reached skill level 5 in Fire Magic
  1802 | D:3      | Reached XP level 5. HP: 28/28 MP: 9/14
  2251 | D:3      | Reached skill level 5 in Spellcasting
  2251 | D:3      | Reached XP level 6. HP: 24/32 MP: 2/15
  2865 | D:4      | Found Wecwaeju's Book Emporium.
  2872 | D:4      | Noticed Edmund
  2881 | D:4      | Killed Edmund
  3005 | D:4      | Reached XP level 7. HP: 36/36 MP: 8/17
  3075 | D:4      | Learned a level 5 spell: Fireball
  3230 | D:4      | Reached skill level 6 in Spellcasting
  3447 | D:4      | Found a white marble altar of Elyvilon.
  3447 | D:4      | Noticed Menkaure
  3452 | D:4      | Killed Menkaure
  3627 | D:4      | Found a runed translucent door.
  3628 | D:4      | Noticed Crazy Yiuf
  3637 | D:4      | Killed Crazy Yiuf
  4205 | D:5      | Entered Level 5 of the Dungeon
  4476 | D:5      | Reached skill level 5 in Conjurations
  4650 | D:5      | Reached skill level 7 in Spellcasting
  5101 | D:5      | Found a hazy altar of Hepliaklqana.
  5394 | D:6      | Reached XP level 8. HP: 19/41 MP: 12/20
  5633 | D:6      | Found an iron altar of Okawaru.
  5844 | D:6      | Found a staircase to the Ecumenical Temple.
  5851 | Temple   | Entered the Ecumenical Temple
  6167 | D:6      | Reached skill level 8 in Spellcasting
  6408 | D:6      | Found a sacrificial altar of Ru.
  6409 | D:6      | Noticed a manticore
  6416 | D:6      | Killed a manticore
  6416 | D:6      | Reached skill level 5 in Stealth
  6723 | D:6      | Got a warped falchion
  6724 | D:6      | Identified the cursed +3 falchion "Ozetoil" {drain, rElec
                  | rN+ Int+2} (You found it on level 6 of the Dungeon)
  7003 | D:7      | Noticed Duvessa
  7006 | D:7      | Noticed Dowan
  7012 | D:7      | Killed Duvessa
  7012 | D:7      | Reached XP level 9. HP: 45/45 MP: 10/23
  7028 | D:6      | Killed Dowan
  7198 | D:7      | Reached skill level 9 in Spellcasting
  7250 | D:7      | Found a shimmering altar of Xom.
  7284 | D:7      | Noticed Joseph
  7285 | D:7      | Reached skill level 1 in Armour
  7287 | D:7      | Killed Joseph
  7678 | D:7      | Found a blossoming altar of Fedhas.
  7698 | D:7      | Noticed an oklob plant
  7900 | D:7      | Killed an oklob plant
  7900 | D:7      | Reached skill level 10 in Spellcasting
  8335 | D:8      | Found a white marble altar of Elyvilon.
  8824 | D:8      | Reached XP level 10. HP: 24/50 MP: 18/26
  8872 | D:8      | Found a sparkling altar of Nemelex Xobeh.
  8875 | D:8      | Found a glowing golden altar of the Shining One.
  8878 | D:8      | Found a snail-covered altar of Cheibriados.
  8977 | D:8      | Found Roetosma's Weapon Emporium.
  9154 | D:8      | Found a staircase to the Lair.
  9401 | D:8      | Noticed Erica
  9406 | D:8      | Killed Erica
  9406 | D:8      | Reached skill level 1 in Shields
  9420 | D:8      | Noticed Psyche
  9480 | D:8      | Found an ornate altar of the Wu Jian Council.
  9483 | D:8      | Killed Psyche
  9679 | D:8      | Found a deep blue altar of Sif Muna.
  9759 | D:8      | Found a radiant altar of Vehumet.
  9759 | D:8      | Found a burning altar of Makhleb.
  9809 | D:8      | Became a worshipper of Vehumet
  9876 | D:8      | Reached skill level 11 in Spellcasting
 10003 | Lair:1   | Entered Level 1 of the Lair of Beasts
 10003 | Lair:1   | Noticed a seven-headed hydra
 10104 | Lair:1   | Noticed a spiny frog
 10113 | D:8      | Slain by a seven-headed hydra

Levels and vault maps discovered:
D:1:      ebering_hopf_link, layout_basic, minmay_pentomino_p2
D:2:      layout_basic, chequers_big_river, uniq_jessica, uniq_robin
D:3:      layout_loops_ring, first_ration, kennysheep_boxes
D:4:      layout_basic, elyvilon_altar_4, serial_shops, nicolae_shop_trees,
          uniq_crazy_yiuf_cottage, uniq_menkaure, uniq_edmund
D:5:      layout_layer_cave, kennysheep_little_box
D:6:      layout_basic, minmay_temple_entry_waves, hangedman_feature_mirror
D:7:      layout_rooms, xom_teletrap_fun, tgw_fedhas, uniq_joseph, uniq_duvessa
D:8:      layout_loops_cross, grunt_temple_overflow_lords_of_destruction,
          lemuel_crystal_altar, old_standard_altar,
          grunt_temple_overflow_diamond, david_lair_shrubbed, basic_altar,
          serial_shops, nicolae_shop_window_shopping, uniq_erica, uniq_psyche
Temple:   eino_wide_crystal_templ
Lair:1:   wander_river, layout_misc_corridors

Skill      XL: |  1  2  3  4  5  6  7  8  9 10 |
---------------+-------------------------------+-----
Stealth        | 3 4 5 |  5.0
Fire Magic     | 4 5 6 7 9 |  9.8
Spellcasting   | 4 5 7 8 10 11 | 11.0
Dodging        | 3 4 |  4.8
Conjurations   | 2 3 5 6 8 |  8.7
Armour         | 2 3 |  3.3
Shields        | 2 |  2.0
Fighting       | |  0.5

Action                   |  1- 3 |  4- 6 |  7- 9 | 10-12 || total
-------------------------+-------+-------+-------+-------++-------
Melee: Falchion          |       |       |    77 |    79 ||   156
 Cast: Flame Tongue      |    31 |    87 |   167 |    26 ||   311
       Conjure Flame     |     1 |     1 |     6 |     2 ||    10
       Throw Flame       |       |    10 |    12 |     1 ||    23
       Sticky Flame      |       |     4 |    18 |     6 ||    28
       Fireball          |       |       |    20 |    13 ||    33
  Use: Potion            |     2 |       |       |       ||     2
       Scroll            |     1 |       |     3 |     3 ||     7
 Stab: Sleeping          |       |       |       |     1 ||     1
  Eat: Chunk             |       |     7 |    15 |     4 ||    26
       Ration            |       |       |     2 |     1 ||     3
Armor: Robe              |     2 |     2 |    10 |       ||    14
       Leather armour    |       |       |     6 |    33 ||    39
Dodge: Dodged            |     7 |    12 |    45 |    71 ||   135
Block: Buckler           |       |       |     4 |    19 ||    23
       Rpst.: Falchion   |       |       |     5 |    17 ||    22

Table legend:
 A = Non-vault XP
 B = Vault XP
 C = Vault XP percentage of total XP
 D = Non-vault monster count
 E = Vault monster count
 F = Vault count percentage of total count
                 A         B        C        D         E       F
            +---------+---------+-------+---------+---------+-------
      Total |    4316 |    4043 |  48.4 |     145 |      28 |  16.2
            +---------+---------+-------+---------+---------+-------
        D:1 |      10 |       3 |  23.1 |       6 |       1 |  14.3
        D:2 |      91 |      77 |  45.8 |      14 |      14 |  50.0
        D:3 |     334 |       0 |   0.0 |      34 |       0 |   0.0
        D:4 |     365 |     380 |  51.0 |      21 |       3 |  12.5
        D:5 |     107 |       0 |   0.0 |      13 |       0 |   0.0
        D:6 |     749 |     656 |  46.7 |      19 |       3 |  13.6
        D:7 |     777 |    1162 |  59.9 |      18 |       3 |  14.3
        D:8 |    1883 |    1765 |  48.4 |      20 |       4 |  16.7
            +---------+---------+-------+---------+---------+-------
